 Dungeon Crawl Stone Soup version 0.30.1-9-gdf580d7c3d (webtiles) character file.

Game seed: 693318295264354829

117 lonewolfV2 the Trooper (level 5, -1/57 HPs)
             Began as an Ogre Fighter on Oct 22, 2023.
             Succumbed to an adder's poison
             ... on level 2 of the Dungeon.
             The game lasted 00:03:12 (1489 turns).

lonewolfV2 the Trooper (Ogre Fighter)               Turns: 1489, Time: 00:03:12

Health: -1/57      AC:  3    Str: 20 (22) XL:     5   Next: 1%
Magic:  5/5        EV:  8    Int:  8 (9)  God:
Gold:   143        SH:  7    Dex:  7 (8)  Spells: 4/4 levels left

rFire   x . .        a - +0 war axe
rCold   + . .        c - +0 kite shield
rNeg    . . .        b - +0 robe
rPois   .            (helmet restricted)
rElec   .            (no cloak)
rCorr   .            (gloves unavailable)
SInv    .            (boots unavailable)
Will    .....        (no amulet)
Stlth   +            o - ring of ice
HPRegen 0.29/turn    (no ring)
MPRegen 0.09/turn

%: no passive effects
@: lethally poisoned (-1 -> -12)
A: large, unfitting armour, tough skin 1
a: no special abilities


You were on level 2 of the Dungeon.
You visited 1 branch of the dungeon, and saw 4 of its levels.

You collected 143 gold pieces.

Inventory:

Hand Weapons
 a - a +0 war axe (weapon)
Armour
 b - a +0 robe (worn)
 c - a +0 kite shield (worn)
Jewellery
 o - a ring of ice (left hand)
Wands
 k - a wand of paralysis (12)
Scrolls
 e - a scroll of identify {unknown}
 j - a scroll of fog {unknown}
 l - a scroll of amnesia {unknown}
Potions
 d - a potion of might
 g - a potion of invisibility {unknown}
 h - a potion of mutation {unknown}
 i - a potion of heal wounds {unknown}
 m - a potion of haste {unknown}
 n - a potion of ambrosia {unknown}


   Skills:
 + Level 5.3 Fighting
 + Level 3.3 Axes
 - Level 2.6 Dodging
 + Level 4.0 Shields


You had 4 spell levels left.
You didn't know any spells.
Your spell library contained the following spells:

 Spells                   Type           Power      Damage    Failure   Level
 Necrotise                Necr           0%         1d4       71%         1
 Cigotuvi's Dreadful Rot  Necr/Pois/Air  0%         N/A       83%         2
 Ignite Poison            Fire/Tmut/Pois 0%         N/A       97%         3
 Vampiric Draining        Necr           0%         2d6       97%         3
 Agony                    Necr           0%         N/A       100%        5
 Freezing Cloud           Conj/Ice/Air   0%         6-21      100%        5


Dungeon Overview and Level Annotations

Branches:
Dungeon (4/15)
 Temple: D:4-7

Altars:


Innate Abilities, Weirdness & Mutations

You are too large for most types of armour.
You have tough skin. (AC +1)


Message History

You miss the adder.
The adder is lightly wounded.
You feel very sick. You block the adder's attack. x2
You barely miss the adder.
The adder is lightly wounded.
You feel sick. You block the adder's attack. x2
You slash the adder!
The adder is severely wounded.
You feel sick. You block the adder's attack.
The adder bites you but does no damage.
You completely miss the adder.
The adder is severely wounded.
You feel sick. The adder bites you but does no damage.
You block the adder's attack.
You miss the adder.
The adder is severely wounded.
You feel sick. The adder barely misses you. The adder bites you.
* * * LOW HITPOINT WARNING * * *
You are lethally poisoned!
The adder poisons you!
You closely miss the adder.
The adder is severely wounded.
* * * LOW HITPOINT WARNING * * *
You feel very sick. The adder bites you.
* * * LOW HITPOINT WARNING * * *
You are more poisoned.
The adder poisons you! The adder bites you.
* * * LOW HITPOINT WARNING * * *
You are more poisoned.
The adder poisons you!
Aiming: Paralyse
Press: ? - help, Q - select action Shift-Dir - straight line, f - adder
Aim: an adder (severely wounded, chance to affect: 57%)
Okay, then.
It was a potion of degeneration.
There was something very wrong with that liquid.
You feel weakened.
You feel dopey.
You feel clumsy.
You die...

#.###...## .####
#.##.....## #.
#.#.......## #
#........(.##.
#.............
#..........#
#..........###
###
##.#....$...<.
... #.##.@.##.###
... #.###S## #
.## #.. ..# #.
...# ..... .(....
### ....... .#.
..#
.#.....#.#.######
#.### #.#....#
#.##.


You could see an adder.

Vanquished Creatures
  Natasha (twice) (D:2)
  2 adders (D:2)
  An adder skeleton (D:2)
  A dart slug (D:1)
  4 orcs (D:3)
  2 endoplasms
  2 giant cockroaches (D:3)
  3 hobgoblins
  4 kobolds
  A quokka (D:1)
  4 ball pythons
  6 bats
  4 frilled lizards
  2 goblins
  A jackal zombie (D:2)
  5 rats
44 creatures vanquished.

Notes
Turn   | Place    | Note
-------+----------+-------------------------------------------
     0 | D:1      | lonewolfV2 the Ogre Fighter began the quest for the Orb.
     0 | D:1      | Reached XP level 1. HP: 24/24 MP: 1/1
   281 | D:1      | Reached XP level 2. HP: 32/32 MP: 2/2
   812 | D:2      | Reached XP level 3. HP: 39/40 MP: 3/3
   881 | D:2      | You fall into a shaft and drop 2 floors!
  1258 | D:2      | Reached XP level 4. HP: 48/49 MP: 4/4
  1357 | D:2      | Noticed Natasha
  1368 | D:2      | Killed Natasha
  1369 | D:2      | Reached skill level 5 in Fighting
  1465 | D:2      | Noticed Natasha
  1470 | D:2      | Killed Natasha
  1471 | D:2      | Reached XP level 5. HP: 52/57 MP: 5/5
  1488 | D:2      | HP: 2/57 [adder (1)]
  1489 | D:2      | Succumbed to an adder's poison

Illustrated notes

Levels and vault maps discovered:
D:1:      psy_arrival_radial01, layout_basic, serial_curves, eino_curves_04,
          eino_curves_03, eino_curves_03
D:2:      layout_loops_ring, serial_undead, serial_undead_c, serial_undead_e,
          serial_undead_a, serial_undead_b, uniq_natasha, uniq_jessica
D:3:      layout_basic
D:4:      kennysheep_the_goblin_king, layout_loops_ring, nicolae_elemental_shop,
          uniq_sigmund, uniq_menkaure

Skill      XL: |  1  2  3  4 |
---------------+-------------+-----
Fighting       | 5 |  5.3
Axes           | 3 |  3.3
Shields        | 4 |  4.0
Dodging        | |  2.6

Action                     |  1- 3 |  4- 6 || total
---------------------------+-------+-------++-------
  Melee: War axe           |    97 |    39 ||   136
    Use: Scroll            |     5 |       ||     5
         Potion            |       |     1 ||     1
 Armour: Robe              |    33 |    12 ||    45
  Dodge: Dodged            |    39 |    10 ||    49
  Block: Kite shield       |    61 |    23 ||    84
